 Dungeon Crawl Stone Soup version 0.23.2 (webtiles) character file.

Game seed: 13615645403502091110

114 Borgoz the Sneak (level 4, -1/34 (37) HPs)
             Began as a Ghoul Assassin on Apr 4, 2019.
             Slain by an adder (2 damage)
             ... on level 2 of the Dungeon.
             The game lasted 00:02:45 (1767 turns).

Borgoz the Sneak (Ghoul Assassin)                   Turns: 1767, Time: 00:02:45

HP:   -1/34 (37)    AC:  6    Str: 14    XL:     4   Next: 98%
MP:   3/3           EV: 11    Int:  6    God:
Gold: 134           SH:  0    Dex: 13    Spells: 3/3 levels left

rFire    + . .     SeeInvis .   a - +2 dagger (venom)
rCold    + . .     Gourm    .   (no shield)
rNeg     + + +     Faith    .   t - +0 ring mail
rPois    ∞         Spirit   .   (no helmet)
rElec    .         Reflect  .   d - +0 cloak
rCorr    .         Harm     .   (no gloves)
MR       .....                  (no boots)
Stlth    ++........             (no amulet)
HPRegen  0.00/turn              o - +2 ring of dexterity
MPRegen  0.08/turn              l - ring of protection from fire

@: rotting
A: rotting body, claws 1, carnivore, cold resistance 1, negative energy
resistance 3, inhibited regeneration, torment resistance, unbreathing
a: no special abilities


You were on level 2 of the Dungeon.
You were hungry.

You visited 1 branch of the dungeon, and saw 3 of its levels.

You collected 134 gold pieces.

Inventory:

Hand Weapons
 a - a +2 dagger of venom (weapon)
 b - a +0 blowgun
 n - a +2 dagger
Missiles
 e - 8 poisoned needles
 f - 2 curare-tipped needles
Armour
 d - a +0 cloak (worn)
 t - a +0 ring mail (worn)
Jewellery
 l - a ring of protection from fire (right claw)
 o - a +2 ring of dexterity (left claw)
Scrolls
 i - a scroll of noise {unknown}
 k - a scroll of random uselessness {unknown}
 m - 2 scrolls of amnesia {unknown}
 s - a scroll of magic mapping {unknown}
Potions
 j - a potion of magic {unknown}
 p - a potion of resistance {unknown}
 q - a potion of berserk rage
 r - a potion of heal wounds {unknown}
Comestibles
 g - 6 rations


   Skills:
 + Level 2.7 Fighting
 * Level 2.6 Short Blades
 - Level 1.7 Throwing
 * Level 1.7 Armour
 * Level 2.2 Dodging
 + Level 4.8 Stealth


You had 3 spell levels left.
You didn't know any spells.
Your spell library contained the following spells:

 Spells                   Type           Power        Failure   Level  Hunger
 Corona                   Hex            #......      69%         1    ##.....
 Ensorcelled Hibernation  Hex/Ice        #.....       83%         2    ###....
 Confuse                  Hex            #.......     96%         3    ####...
 Dazzling Spray           Conj/Hex       #.....       96%         3    ####...
 Tukima's Dance           Hex            #.......     96%         3    ####...


Dungeon Overview and Level Annotations

Branches:
Dungeon (3/15)

Altars:
Wu Jian


Innate Abilities, Weirdness & Mutations

Your body is rotting away.
You thrive on raw meat.
You are immune to poison.
You have sharp fingernails.
You are carnivorous and can eat meat at any time.
Your flesh is cold resistant. (rC+)
You are immune to negative energy. (rN+++)
You do not regenerate when monsters are visible.
You are immune to unholy pain and torment.
You can survive without breathing.


Message History

The gnoll hits you from afar with a +0 spear.
* * * LOW HITPOINT WARNING * * *
The adder barely misses you.
You kill the gnoll!
The adder closely misses you.
There is a stone staircase leading up here.
The gnoll hits you from afar with a +0 spear.
* * * LOW HITPOINT WARNING * * *
The adder closely misses you.
You climb upwards.
There is a stone staircase leading down here.
You hit the adder.
The adder is poisoned.
The adder is lightly wounded.
The adder bites you.
* * * LOW HITPOINT WARNING * * *
Okay, then.
It was a potion of berserk rage.
You cannot raise a blood rage in your lifeless body.
The adder barely misses you. The adder bites you.
You die...

#..........##..#...........#
..###......##....###########
..# #......##....# #.....#
..###......##....# #.....#
#..........##....# #†....#
#..........###..(# #.....#
#.....###### ##..###.....#
#.....# #..S.......# #.....#
#.@.....#### #.....#
#.......# #.....# #....)..#
#.....# #.......# ......#
#.......# ......# #.......#
..##### #.[.....# ..#
#.[.....# ..# #########


You could see an adder.

Vanquished Creatures
  3 gnolls (D:3)
  3 adders (D:2)
  An ooze (D:1)
  4 dart slugs
  2 leopard geckos (D:2)
  5 bats
  4 goblins
  5 hobgoblins
  2 jackals (D:1)
  A frilled lizard (D:1)
  8 kobolds
  11 rats
49 creatures vanquished.

Notes
Turn   | Place    | Note
-------+----------+-------------------------------------------
     0 | D:1      | Borgoz the Ghoul Assassin began the quest for the Orb.
     0 | D:1      | Reached XP level 1. HP: 17/17 MP: 0/0
    66 | D:1      | Reached skill level 1 in Dodging
    82 | D:1      | Reached XP level 2. HP: 21/24 MP: 1/1
   155 | D:1      | Reached skill level 1 in Armour
   212 | D:1      | Reached XP level 3. HP: 20/30 MP: 2/2
   590 | D:2      | Reached XP level 4. HP: 5/37 MP: 3/3
  1136 | D:2      | Found an ornate altar of the Wu Jian Council.
  1766 | D:2      | HP: 1/34 [adder (2)]
  1767 | D:2      | Slain by an adder

Skill      XL: |  1  2  3  4 |
---------------+-------------+-----
Dodging        | 1 2 |  2.2
Short Blades   | 2 |  2.6
Armour         | 1 |  1.7
Fighting       | |  2.7
Throwing       | |  1.7
Stealth        | |  4.8

Action                   |  1- 3 |  4- 6 || total
-------------------------+-------+-------++-------
Melee: Dagger            |    93 |    43 ||   136
  Use: Potion            |       |     1 ||     1
 Stab: Sleeping          |     6 |     3 ||     9
  Eat: Chunk             |     1 |     1 ||     2
Armor: Robe              |    20 |     6 ||    26
       Ring mail         |       |     8 ||     8
Dodge: Dodged            |    36 |    29 ||    65
